cohdb
Replays
Latest Replays
All Replays
Popular Replays
Top Player Replays
Match Explorer
How It Works
Community
CoH3 Stats
Reddit
Sign in to upload your games and track your stats! →
Sign in with Steam
Match 42170237
Unlisted
Match 42170237
Overview
Messages
Build Orders
End
250 Light Carrier
Kradschützen Motorcycle Team
Panzergrenadier Squad
Construct Light Support Kompanie
Combat Half-tracks
Fire Support Elements
Panzergrenadier Squad
Flakvierling Half-track
Panzerjäger Mechanized Group
Selects Battlefield Espionage Battlegroup
Selects Intel Disruption Beacon
Pak 38 Anti-tank Gun Team
Selects Plunder
Construct Panzerarmee Kommand
Vehicle Survival Package
Panzer III L Medium Tank
Selects Firestorm
Panzer III L Medium Tank
Emergency Repair Kits
Panzer III L Medium Tank
Rapid Advance
Panzer III L Medium Tank
Selects 250/3 Funkpanzerwagen
Selects Anti-Tank Incendiary Munitions
Armored Reserves
Tungsten Core Ammunition
Advanced Field Repairs
Tiger Heavy Tank
Panzergrenadier Squad
Panzergrenadier Squad
Panzergrenadier Squad
Selects Operation Skorpion
Panzer III L Medium Tank
MG34 Team
[82AD] PaulVmax
777
Luce
Mace
Drunken Panda Style
Raedwulf
Master of Fips
Serek
0
0
Comments
sign in to comment!
No comments posted yet!